cohdb
Replays
Latest Replays
All Replays
Popular Replays
Top Player Replays
Match Explorer
How It Works
Community
CoH3 Stats
Reddit
Sign in to upload your games and track your stats! →
Sign in with Steam
Match 43295301
Unlisted
Match 43295301
Overview
Messages
Build Orders
End
Royal Engineer Section
Construct Section Command Post
Dingo Light Scout Car
Selects Canadian Shock Battlegroup
Infantry Section
Infantry Section
Infantry Section
Construct Platoon Command Post
Construct Field Infirmary
Humber Armored Car
Selects Attacking Spirit
Selects Incendiary Munitions
Grenade Package
6-pounder Anti-tank Gun Team
Selects Canadian Shock Section
Construct Field Infirmary
Canadian Shock Section
Canadian Shock Section
Construct Company Command Post
Selects Pyrotechnics
Infantry Training
Canadian Shock Section
Selects Smoke Operation
6-pounder Anti-tank Gun Team
Canadian Shock Section
Selects Churchill Crocodile Heavy Tank
DrewP
jeongjae
0
0
Comments
sign in to comment!
No comments posted yet!